 Dungeon Crawl Stone Soup version 0.12.3 (webtiles) character file.

316 IDKFA the Skirmisher (level 4, -2/39 HPs)
             Began as a Hill Orc Fighter on Apr 21, 2018.
             Killed from afar by an orc wizard (3 damage)
             ... with a puff of flame
             ... on Level 3 of the Dungeon.
             The game lasted 00:18:21 (2875 turns).

IDKFA the Skirmisher (Hill Orc Fighter)             Turns: 2875, Time: 00:18:21

HP  -2/39        AC 13     Str 19      XL: 4   Next: 33%
MP   3/3         EV  6     Int  8      God:
Gold 239         SH 19     Dex 10      Spells:  0 memorised,  3 levels left

Res.Fire  : . . .   See Invis. : .   y - +3,+2 dwarf dagger (protect)
Res.Cold  : + . .   Warding    : .   b - +0 orc scale mail
Life Prot.: + . .   Conserve   : .   c - +0 orc shield
Res.Poison: .       Res.Corr.  : .   (no helmet)
Res.Elec. : .       Clarity    : .   (no cloak)
Sust.Abil.: . .     Spirit.Shd : .   B - +0 pair of dwarf gloves
Res.Mut.  : .       Stasis     : .   (no boots)
Res.Rott. : .       Ctrl.Telep.: .   (no amulet)
Saprovore : + . .   Flight     : .   J - ring of protection from cold {unknown}
                                     x - ring of life protection {unknown}

@: slightly resistant to hostile enchantments, extremely unstealthy
A: saprovore 1
a: no special abilities


You were on level 3 of the Dungeon.
You were not hungry.

You visited 1 branch of the dungeon, and saw 3 of its levels.

You collected 219 gold pieces.

Inventory:

Hand weapons
 a - a +0,+0 orcish hand axe {=f}
 t - a -1,+1 orcish dagger (quivered)
 u - a -1,+0 orcish mace
 y - a +3,+2 dwarven dagger of protection (weapon)
 z - a +0,+0 dwarven short sword
 E - a +1,+0 morningstar
 K - a +0,+0 spear
Missiles
 f - 24 arrows
Armour
 b - a +0 orcish scale mail (worn)
 c - a +0 orcish shield (worn)
 s - a +0 robe
 B - a +0 pair of dwarven gloves (worn)
Magical devices
 A - a wand of draining (6) {unknown}
Comestibles
 j - 2 apples
 v - a bread ration
 w - a cheese
 D - a rotting chunk of giant newt flesh
 F - a rotting chunk of adder flesh
 G - a lychee
 H - a chunk of adder flesh
 I - a chunk of rat flesh
Scrolls
 d - a scroll of curse weapon {unknown}
 g - 4 scrolls of remove curse {unknown}
 i - a scroll of curse jewellery {unknown}
 l - a scroll of enchant weapon I {unknown}
 m - a scroll of magic mapping {unknown}
 n - a scroll of enchant armour {unknown}
 o - a scroll of fear {unknown}
 q - 2 scrolls of curse armour {unknown}
 r - a scroll of teleportation {unknown}
Jewellery
 x - a ring of life protection (left hand) {unknown}
 J - a ring of protection from cold (right hand) {unknown}
Potions
 e - a potion of restore abilities {unknown}
 h - 4 potions of curing {unknown}
 k - a potion of might {unknown}
 p - a potion of cure mutation {unknown}
 C - a potion of brilliance {unknown}


   Skills:
 + Level 3.9 Fighting
 + Level 3.4 Axes
 + Level 3.9 Armour
 + Level 0.8 Dodging
 + Level 0.3 Stealth
 + Level 3.9 Shields
 + Level 0.6 Traps


You had 3 spell levels left.
You didn't know any spells.

Dungeon Overview and Level Annotations

Branches:
Dungeon (3/27)

Altars:


Innate Abilities, Weirdness & Mutations

You can tolerate rotten meat.


Message History

You are too confused!
You are too confused!
You are too confused!
Ouch! You feel less confused. You block its attack.
An orc wizard appears from thin air!
Reactivating autopickup.
The orc wizard points at you and mumbles some strange words.
The magic dart hits you!
* * * LOW HITPOINT WARNING * * *
The orc picks up a dagger.
The orc wizard casts a spell at you. The puff of flame hits you!
One of your 3 scrolls labeled PLINEI KHUA catches fire!
* * * LOW HITPOINT WARNING * * *
The orc wizard points at you and mumbles some strange words.
The puff of flame hits you!
One of your 5 scrolls labeled TUPSAPUYTT catches fire!
You die...

.###.####.##......%..#..#
..........##.......###..#
.###.###..##.##.#..###..#
#................#
####.############...#
#.........# #...#
####.##.####.### #...#
###......^%......# #...#
#......#.@#.##.#.#####...#
#......#..#.##.#..........
#............#............
#......#..#..###....^.....
#......#.o#..###.#####...#
###......o#......# #...#
####...o...##### #...# ##
####o#### #...# .. #.#
#...#


You could see an orc wizard and 3 orcs.

Vanquished Creatures
  Jessica (D:1)
  2 adders (D:3)
  An orc (D:3)
  A ball python (D:2)
  3 giant cockroaches (D:2)
  5 goblins
  4 hobgoblins
  3 jackals (D:2)
  5 kobolds
  A quokka (D:2)
  4 bats
  4 giant newts
  5 rats
39 creatures vanquished.

Vanquished Creatures (others)
  A goblin (D:2)
1 creature vanquished.

Grand Total: 40 creatures vanquished

Notes
Turn   | Place    | Note
--------------------------------------------------------------
     0 | D:1      | IDKFA, the Hill Orc Fighter, began the quest for the Orb.
     0 | D:1      | Reached XP level 1. HP: 19/19 MP: 0/0
   243 | D:1      | zxcv: press o to autoexplore for gods sake
   316 | D:1      | IDKFA: thanks)
   316 | D:1      | zxcv: and use shift+direction to walk continuosuly in a certain direction
   316 | D:1      | IDKFA: i am a new one here)
   474 | D:1      | zxcv: you can use tab to auto attack monsters you see
   792 | D:1      | zxcv: get the apple!
  1207 | D:2      | Noticed Jessica
  1208 | D:2      | zxcv: move back
  1208 | D:2      | zxcv: hide behind the corner
  1208 | D:2      | IDKFA: how can i use the mnoney?
  1208 | D:2      | zxcv: in the corridor
  1208 | D:2      | zxcv: you can use it in shops to buy stuff
  1223 | D:2      | zxcv: no
  1225 | D:1      | zxcv: derp
  1225 | D:1      | zxcv: just fight here
  1225 | D:1      | zxcv: her*
  1235 | D:1      | zxcv: yeah, that's why i wanted you to break line of sight
  1239 | D:1      | Killed Jessica
  1239 | D:1      | zxcv: attack
  1239 | D:1      | Reached XP level 2. HP: 2/26 MP: 1/1
  1239 | D:1      | zxcv: when you see some magic user it's always better to hide behind the corner and let them come to you at first
  1239 | D:1      | Reached XP level 3. HP: 2/33 MP: 2/2
  1241 | D:1      | zxcv: butcher the corpse with c
  1246 | D:1      | zxcv: and eat her
  1246 | D:1      | zxcv: with e
  1252 | D:1      | zxcv: press 5 to rest until healed
  1252 | D:1      | IDKFA: how to heal?
  1262 | D:1      | zxcv: number 5
  1272 | D:1      | zxcv: it will wait until healed
  1516 | D:2      | IDKFA: thanks)
  1517 | D:2      | zxcv: no problem
  1553 | D:2      | zxcv: don't eat kobold flesh
  1553 | D:2      | zxcv: it will make you sick
  1560 | D:2      | IDKFA: goblin too?
  1560 | D:2      | zxcv: don't remember
  1576 | D:2      | zxcv: the green colored flesh will make you sick
  1584 | D:2      | zxcv: brown colored is good iirc
  1598 | D:2      | IDKFA: goblin seems ok
  2057 | D:2      | zxcv: eat as soon as you're hungry
  2064 | D:2      | zxcv: cause the chunks will rot over time
  2080 | D:2      | IDKFA: didnt know it, thanks
  2617 | D:3      | Reached XP level 4. HP: 37/39 MP: 3/3
  2874 | D:3      | HP: 1/39 [orc wizard/puff of flame (8)]
  2875 | D:3      | Killed from afar by an orc wizard

Action                   |  1- 3 |  4- 6 || total
-------------------------+-------+-------++-------
Melee: Hand axe          |   132 |       ||   132
       Dagger            |     9 |    40 ||    49
  Use: Scroll            |     1 |       ||     1
